 Dungeon Crawl Stone Soup version 0.29.1-1-gd02db6906a (webtiles) character file.

Game seed: 7463036714786269160

25079 RogueRain17 the Severer (level 12, 0/78 HPs)
             Began as a Demonspawn Gladiator on Sept 19, 2022.
             Was a High Priest of Makhleb.
             Slain by a death yak (8 damage)
             ... while petrified by a basilisk
             ... on level 5 of the Lair of Beasts.
             The game lasted 00:50:08 (16740 turns).

RogueRain17 the Severer (Demonspawn Gladiator)     Turns: 16740, Time: 00:50:09

Health: 0/78       AC: 17    Str: 19    XL:     12   Next: 86%
Magic:  18/18      EV:  2    Int: 10    God:    Makhleb [*****.]
Gold:   2096       SH:  0    Dex: 15    Spells: 11/11 levels left

rFire   + . .      SeeInvis .   r - +4 war axe (vamp)
rCold   + . .      Faith    .   (no shield)
rNeg    + + +      Spirit   .   p - +1 ring mail of Viogruon {rC+}
rPois   ∞          Reflect  .   c - +0 helmet
rElec   .          Harm     .   (no cloak)
rCorr   .          Rampage  .   (no gloves)
Will    .....                   (no boots)
Stlth   +.........              (no amulet)
HPRegen 0.23/turn               q - +4 ring of evasion
MPRegen 0.16/turn               l - ring of protection from fire

@: petrified, sanguine armoured
A: hooves 2, spiny 2, sanguine armour 2
a: Renounce Religion, Minor Destruction, Lesser Servant of Makhleb, Major
Destruction, Greater Servant of Makhleb


You were on level 5 of the Lair of Beasts.
You worshipped Makhleb.
Makhleb was extremely pleased with you.
You visited 3 branches of the dungeon, and saw 17 of its levels.
You also visited: Bailey.

You collected 2096 gold pieces.

Inventory:

Hand Weapons
 b - the +10 executioner's axe of Rezxu {vorpal, Will+ Str+4 Dex-2 SInv}
   (You acquired it on level 9 of the Dungeon)

   It inflicts extra damage upon your enemies.
   Str:       It affects your strength (+4).
   Dex:       It affects your dexterity (-2).
   SInv:      It lets you see invisible.
   Will:      It increases your willpower.
 r - a +4 vampiric war axe (weapon)
 J - a +0 vorpal war axe
Missiles
 d - 2 throwing nets (quivered)
 k - 4 javelins
Armour
 c - a +0 helmet (worn)
 p - the +1 ring mail of Viogruon (worn) {rC+}
   (You found it on level 2 of the Lair of Beasts)

   rC:        It protects you from cold.
 t - a +3 leather armour
Jewellery
 l - a ring of protection from fire (right hand)
 q - a +4 ring of evasion (left hand)
 u - a ring of see invisible
 F - a ring of willpower
 G - a +4 ring of evasion
Wands
 w - a wand of flame (45)
 B - a wand of charming (5)
 E - a wand of mindburst (3)
Scrolls
 a - a scroll of fog
 e - a scroll of brand weapon {unknown}
 f - 3 scrolls of amnesia
 h - 3 scrolls of poison
 s - 3 scrolls of immolation
 x - 2 scrolls of identify
 H - 6 scrolls of teleportation
 I - a scroll of acquirement
 K - 2 scrolls of magic mapping
Potions
 g - 5 potions of magic
 i - 6 potions of curing
 j - 6 potions of mutation {unknown}
 m - 4 potions of cancellation {unknown}
 n - 4 potions of ambrosia
 o - 4 potions of might {unknown}
 v - 2 potions of degeneration {unknown}
 z - 4 potions of heal wounds {unknown}
 A - 2 potions of lignification {unknown}
 C - 2 potions of brilliance {unknown}
 D - 4 potions of haste {unknown}
 L - a potion of attraction {unknown}


   Skills:
 - Level 2.0 Fighting
 * Level 16.5 Axes
 - Level 1.7 Throwing
 - Level 6.0 Armour
 - Level 8.1 Dodging
 - Level 8.6 Invocations


You had 11 spell levels left.
You didn't know any spells.
Your spell library contained the following spells:

 Spells                   Type           Power      Damage    Failure   Level
 Freeze                   Ice            0%         1d3       52%         1
 Magic Dart               Conj           0%         1d3       52%         1
 Sandblast                Erth           0%         2d4       52%         1
 Summon Small Mammal      Summ           0%         N/A       52%         1
 Call Imp                 Summ           0%         N/A       67%         2
 Passwall                 Tmut/Erth      0%         N/A       67%         2
 Call Canine Familiar     Summ           0%         N/A       88%         3
 Conjure Flame            Conj/Fire      0%         6-21      88%         3
 Frozen Ramparts          Ice            0%         1d1       88%         3
 Gell's Gravitas          Tloc           0%         N/A       88%         3
 Ignite Poison            Fire/Tmut/Pois 0%         N/A       88%         3
 Lesser Beckoning         Tloc           0%         N/A       88%         3
 Mephitic Cloud           Conj/Pois/Air  0%         N/A       88%         3
 Stone Arrow              Conj/Erth      0%         3d7       88%         3
 Summon Guardian Golem    Hex/Summ       0%         N/A       88%         3
 Teleport Other           Tloc           0%         N/A       88%         3
 Tukima's Dance           Hex            0%         N/A       88%         3
 Animate Armour           Summ/Erth      0%         N/A       99%         4
 Animate Dead             Necr           0%         N/A       99%         4
 Hailstorm                Conj/Ice       0%         3d3       99%         4
 Passage of Golubria      Tloc           0%         N/A       99%         4
 Sticky Flame             Conj/Fire      0%         2d3       99%         4
 Blade Hands              Tmut           0%         N/A       100%        5
 Borgnjor's Vile Clutch   Necr/Erth      0%         N/A       100%        5
 Yara's Violent Unravell  Hex/Tmut       0%         3d3       100%        5
 Death Channel            Necr           0%         N/A       100%        6
 Iron Shot                Conj/Erth      0%         9d1       100%        6


Dungeon Overview and Level Annotations

Branches:
Dungeon (11/15)            Temple (1/1) D:5            Lair (5/5) D:11
  Swamp (0/4) Lair:2        Snake (0/4) Lair:3          Orc (0/2) D:9
 Bailey (visited)
  Slime: Lair:4-5

Altars:
Ashenzari
Cheibriados
Dithmenos
Fedhas
Gozag
Hepliaklqana
Kikubaaqudgha
Makhleb
Nemelex Xobeh
Okawaru
Qazlal
Ru
Sif Muna
Trog
Uskayaw
Vehumet
Wu Jian
Xom
Yredelemnul

Shops:
D:6 (

Annotations:
D:11 Gastronok
Lair:1 3 runed translucent doors, exclusions: bush and 3 oklob plants, Valamore's ghost, journeyman TrFi
Lair:3 1 runed translucent door, smilodon's ghost, journeyman TrFi


Innate Abilities, Weirdness & Mutations

You have hoof-like feet.
You are mostly covered in sharp spines.
When seriously injured, your blood forms thick armour. (AC +9)


Message History

You are slowing down.
Your limbs are stiffening.
Blink to where?
Press: ? - help, Dir - move target A wolf comes into view.
As you read the scroll of blinking, it crumbles to dust.
You have turned to stone.
The wolf is struck by your spines. The wolf bites you.
The wolf is struck by your spines. The wolf bites you but does no damage.
The wolf is struck by your spines. The wolf completely misses you.
The wolf bites you but does no damage. The wolf is struck by your spines.
You kill the wolf!
Makhleb accepts your kill.
You feel better. The death yak gores you!
The death yak snorts and paws the ground.
The death yak gores you but does no damage.
The death yak gores you! x3
* * * LOW HITPOINT WARNING * * *
The death yak is struck by your spines. The death yak gores you.
* * * LOW HITPOINT WARNING * * *
You turn to flesh and can move again.
You are confused.
You feel invigorated. The death yak gores you!!
* * * LOW HITPOINT WARNING * * *
The death yak closely misses you. The basilisk gazes at you.
You are slowing down.
The basilisk attacks as you move away! The basilisk is struck by your spines.
The basilisk barely misses you. The basilisk gazes at you.
You resist with some effort. The basilisk gazes at you.
Your limbs have turned to stone.
You have turned to stone.
You feel less invigorated.
You feel less confused. The death yak is struck by your spines.
The death yak gores you!
* * * LOW HITPOINT WARNING * * *
The death yak gores you!
You die...

#.....##. ......
.......## ......
####P.....###......
####..#..†............
##.#..............#....
##......................
........................
#..................P...#
#..#...@Y........#....##
......†.Y.....#......###
<.......l.#.#.#.#Y....##
...........#####...l..#.
..........#######.......
...........##.##........
.......[....##.....(....
...#........##...###....
...#...........### ##...


You could see 2 death yaks and a basilisk.

Vanquished Creatures
  A death yak (Lair:5)
  Amaemon (Lair:3)
  A fire crab (Lair:5)
  A bog body (Lair:2)
  A cyclops (D:10)
  8 elephants
  Joseph (D:7)
  A guardian serpent (Lair:2)
  2 black mambas
  A kobold demonologist (D:10)
  An orange demon (Lair:3)
  7 cane toads
  3 rime drakes
  3 komodo dragons
  2 trolls
  A queen bee (Lair:2)
  9 blink frogs (Lair:2)
  Sigmund (D:4)
  18 yaks
  4 wyverns
  A steam dragon (D:6)
  3 basilisks
  10 water moccasins
  A black bear (D:7)
  3 orc warriors
  A centaur (D:8)
  19 wolves
  2 phantoms
  3 kobold brigands
  12 bullfrogs
  A gnoll sergeant (D:10)
  2 necrophages
  15 wights
  41 killer bees
  9 howler monkeys
  A jelly (D:4)
  4 hounds
  4 orc priests
  A gnoll bouda (D:7)
  2 iguanas
  6 orc wizards
  15 gnolls
  5 adders
  2 white imps
  3 ufetubi
  2 worms
  3 dart slugs
  40 orcs
  11 bats
  9 endoplasms
  8 giant cockroaches
  9 goblins
  6 hobgoblins
  17 kobolds
  6 quokkas
  9 ball pythons
  3 frilled lizards
  7 rats
363 creatures vanquished.

Vanquished Creatures (collateral kills)
  3 wights
  3 gnolls
6 creatures vanquished.

Vanquished Creatures (others)
  2 gnolls
  14 fungi
  12 plants
28 creatures vanquished.

Grand Total: 397 creatures vanquished

Notes
Turn   | Place    | Note
-------+----------+-------------------------------------------
     0 | D:1      | RogueRain17 the Demonspawn Gladiator began the quest for
                  | the Orb.
     0 | D:1      | Reached XP level 1. HP: 16/16 MP: 1/1
   110 | D:1      | Reached skill level 3 in Axes
   270 | D:1      | Gained mutation: You are partially covered in sharp spines.
                  | [demonic ancestry]
   270 | D:1      | Reached XP level 2. HP: 22/22 MP: 2/2
  1009 | D:1      | Gained mutation: You are mostly covered in sharp spines.
                  | [demonic ancestry]
  1009 | D:1      | Reached XP level 3. HP: 27/27 MP: 3/3
  1109 | D:1      | Found a faded altar of an unknown god.
  1647 | D:3      | Reached skill level 4 in Axes
  1651 | D:3      | Reached XP level 4. HP: 33/33 MP: 4/4
  2528 | D:3      | Reached XP level 5. HP: 34/38 MP: 5/5
  3020 | D:4      | HP: 1/38 [acid (1)]
  3433 | D:4      | Noticed Sigmund
  3457 | D:4      | Reached skill level 5 in Axes
  3567 | D:4      | Reached XP level 6. HP: 44/44 MP: 6/6
  3739 | D:4      | HP: 2/44 [something (3)]
  3741 | D:4      | Killed Sigmund
  4448 | D:4      | Reached skill level 6 in Axes
  4569 | D:5      | Entered Level 5 of the Dungeon
  4784 | D:5      | Reached XP level 7. HP: 47/50 MP: 7/7
  4863 | D:5      | Found a staircase to the Ecumenical Temple.
  4872 | Temple   | Entered the Ecumenical Temple
  5173 | Temple   | Became a worshipper of Makhleb the Destroyer
  5570 | D:5      | Reached skill level 5 in Dodging
  5827 | D:5      | Reached skill level 7 in Axes
  6360 | D:6      | Reached XP level 8. HP: 56/56 MP: 8/8
  6509 | D:6      | Found a blossoming altar of Fedhas.
  6679 | D:6      | Reached skill level 8 in Axes
  7087 | D:6      | Found Ivaeseis's Antique Weapon Emporium.
  7169 | D:7      | Noticed Joseph
  7172 | D:6      | Reached * piety under Makhleb
  7258 | D:8      | Reached skill level 9 in Axes
  7274 | D:8      | Gained mutation: When seriously injured, your blood forms
                  | armour. (AC +9) [demonic ancestry]
  7274 | D:8      | Reached XP level 9. HP: 20/61 MP: 9/9
  7558 | D:7      | Found a flagged portal.
  7568 | Bailey   | Entered a bailey
  7877 | Bailey   | Reached ** piety under Makhleb
  7956 | D:7      | Killed Joseph
  7981 | D:7      | Reached skill level 10 in Axes
  8165 | D:7      | Found a sparkling altar of Nemelex Xobeh.
  8607 | D:8      | Reached skill level 11 in Axes
  9134 | D:9      | Reached *** piety under Makhleb
  9179 | D:9      | Found a staircase to the Orcish Mines.
  9184 | D:9      | Gained mutation: When seriously injured, your blood forms
                  | thick armour. (AC +9) [demonic ancestry]
  9184 | D:9      | Reached XP level 10. HP: 59/67 MP: 10/10
  9190 | D:9      | Reached skill level 1 in Invocations
  9468 | D:9      | Identified the +1 spear of the Aged Lovers {flame, *Corrode
                  | Will+ Dex+2}
  9584 | D:9      | Reached skill level 1 in Armour
 10082 | D:9      | Identified 2 scrolls of acquirement
 10082 | D:9      | Acquired 1105 gold pieces
 10084 | D:9      | Acquired the +10 executioner's axe of Rezxu {vorpal, Will+
                  | Str+4 Dex-2 SInv}
 10099 | D:10     | Entered Level 10 of the Dungeon
 10129 | D:10     | Noticed a two-headed ogre
 10193 | D:10     | Noticed a cyclops
 10206 | D:10     | Killed a cyclops
 10543 | D:10     | Noticed a sun demon
 10850 | D:10     | Reached skill level 12 in Axes
 11089 | D:11     | Found a staircase to the Lair.
 11097 | D:11     | Identified the +6 shortbow "Hasuw" {freeze, rN+ Str+4}
 11102 | D:11     | Noticed Gastronok
 11108 | Lair:1   | Entered Level 1 of the Lair of Beasts
 11165 | Lair:1   | Noticed an elephant
 11215 | Lair:1   | Reached skill level 5 in Invocations
 11280 | Lair:1   | Noticed an elephant
 11292 | Lair:1   | Noticed a cane toad
 11298 | Lair:1   | Killed an elephant
 11304 | Lair:1   | Killed a cane toad
 11464 | Lair:1   | Found a runed translucent gate.
 11465 | Lair:1   | Found a runed translucent gate.
 11466 | Lair:1   | Found a runed translucent gate.
 11490 | Lair:1   | Noticed an elephant
 11505 | Lair:1   | Killed an elephant
 11506 | Lair:1   | Gained mutation: You have large cloven feet. [demonic
                  | ancestry]
 11506 | Lair:1   | Reached XP level 11. HP: 54/72 MP: 15/15
 11683 | Lair:1   | Found a hide-covered altar of Uskayaw.
 11749 | Lair:1   | Noticed Valamore's ghost (journeyman TrFi)
 11755 | Lair:1   | Noticed an oklob plant
 11865 | Lair:1   | Noticed an oklob plant
 11918 | Lair:1   | Noticed an oklob plant
 12004 | Lair:1   | Paralysed by a floating eye for 4 turns
 12013 | Lair:1   | Paralysed by a floating eye for 2 turns
 12037 | Lair:1   | Reached skill level 13 in Axes
 12919 | Lair:2   | Reached skill level 5 in Armour
 13059 | Lair:2   | You fall into a shaft and drop 1 floor!
 13080 | Lair:3   | Found a staircase to the Snake Pit.
 13236 | Lair:2   | Reached **** piety under Makhleb
 13308 | Lair:2   | Found a staircase to the Swamp.
 13309 | Lair:2   | Noticed a bog body
 13534 | Lair:2   | Killed a bog body
 13566 | Lair:2   | Identified the +1 ring mail of Viogruon {rC+}
 14120 | Lair:2   | Reached skill level 14 in Axes
 14180 | Lair:2   | Gained mutation: You have hoof-like feet. [demonic
                  | ancestry]
 14180 | Lair:2   | Reached XP level 12. HP: 58/78 MP: 18/18
 15020 | Lair:3   | Found a runed translucent door.
 15020 | Lair:3   | Noticed smilodon's ghost (journeyman TrFi)
 15381 | Lair:3   | Noticed Amaemon
 15386 | Lair:3   | Killed Amaemon
 15387 | Lair:3   | Reached skill level 15 in Axes
 16231 | Lair:4   | Reached ***** piety under Makhleb
 16300 | Lair:4   | Reached skill level 16 in Axes
 16474 | Lair:5   | Entered Level 5 of the Lair of Beasts
 16691 | Lair:5   | Noticed a death yak
 16691 | Lair:5   | Noticed a death yak
 16692 | Lair:5   | Noticed a death yak
 16712 | Lair:5   | Killed a death yak
 16737 | Lair:5   | HP: 1/78 [death yak (20)]
 16740 | Lair:5   | Slain by a death yak

Illustrated notes

Levels and vault maps discovered:
D:1:      lightli_arrival_maybe_door_vault, layout_basic,
          hellmonk_ecumenical_altar_prayer_group, nrook_campfire,
          minmay_distorted
D:2:      layout_rooms, basic_altar
D:3:      wad_river_or_something, layout_basic, st_stairs_9, minivault_27
D:4:      layout_basic, uniq_sigmund
D:5:      layout_loops_ring, lemuel_temple_firewalk_b
D:6:      layout_basic, fedhas_ov_isle_minmay, serial_shops, shop
D:7:      layout_cave_pools, nemelex_xobeh_ov_fountains_minmay, enter_bailey_3,
          uniq_joseph
D:8:      layout_basic
D:9:      layout_basic, david_orc_3, hex_large
D:10:     layout_loops_ring
D:11:     minmay_inner_zag, layout_irregular_city, lair_entry_dummy,
          nicolae_trove_entry_path_of_doom, lightli_minifort, uniq_gastronok
Temple:   mainiacjoe_temple_cubbyholes
Lair:1:   statuecave_lemuel, layout_regular_city, gammafunk_ghost_split,
          basic_altar, disabler_island
Lair:2:   layout_roguey, skrybe_swamp_entry_bodies, special_room
          [special_room_bee], chequers_serial_rivers_micro_b, grunt_megastairs_5
Lair:3:   layout_layer_cave, minmay_snake_entry_spellcaster,
          gammafunk_ghost_grave, uniq_amaemon
Lair:4:   layout_big_grid
Lair:5:   evilmike_catoblepas_cave, layout_cave_pods, slime_entry_1,
          chequers_serial_rivers_micro_d, grunt_forest_large_clearings

Skill      XL: |  1  2  3  4  5  6  7  8  9 10 11 12 |
---------------+-------------------------------------+-----
Axes           | 3 4 5 6 7 9 11 12 14 16 | 16.5
Dodging        | 3 4 5 6 8 |  8.1
Invocations    | 5 8 |  8.6
Armour         | 3 6 |  6.0
Fighting       | |  2.0
Throwing       | |  1.7

Action                   |  1- 3 |  4- 6 |  7- 9 | 10-12 || total
-------------------------+-------+-------+-------+-------++-------
Melee: War axe           |    63 |    47 |   231 |   450 ||   791
       Hand axe          |     3 |    45 |       |       ||    48
       Punch             |       |     1 |     3 |     6 ||    10
       Executioner's axe |       |       |       |    42 ||    42
       Kick              |       |       |       |    16 ||    16
Throw: Throwing net      |       |     4 |     1 |     6 ||    11
       Javelin           |       |       |     6 |     1 ||     7
Invok: Major Destruction |       |       |       |     5 ||     5
Evoke: Wand              |       |       |    20 |     1 ||    21
  Use: Scroll            |       |     5 |     7 |     7 ||    19
       Potion            |       |     2 |     1 |     3 ||     6
 Stab: Sleeping          |       |     1 |     3 |       ||     4
       Distracted        |       |       |     1 |       ||     1
Armor: Leather armour    |    10 |    16 |    26 |    48 ||   100
       Ring mail         |       |       |       |    48 ||    48
Dodge: Dodged            |    41 |    43 |   220 |   423 ||   727
